 Dungeon Crawl Stone Soup version 0.29.1-15-g9cfb28693d (webtiles) character file.

Game seed: 9894753196326759264

207 hawla the Firebug (level 6, -2/46 HPs)
             Began as a Meteoran Fire Elementalist on Mar 2, 2023.
             Killed from afar by an orc wizard (9 damage)
             ... with a magic dart
             ... on level 4 of the Dungeon.
             The game lasted 00:04:50 (610 turns).

hawla the Firebug (Meteoran Fire Elementalist)       Turns: 610, Time: 00:04:51

Health: -2/46      AC:  2    Str:  9    XL:     6   Next: 33%
Magic:  1/13       EV: 12    Int: 20    God:
Gold:   31         SH:  0    Dex: 14    Spells: 6/13 levels left

rFire   . . .      SeeInvis .   (no weapon)
rCold   . . .      Faith    .   (no shield)
rNeg    . . .      Spirit   .   a - +0 robe
rPois   .          Reflect  .   (no helmet)
rElec   .          Harm     .   (no cloak)
rCorr   .          Rampage  .   (no gloves)
Will    .....                   (no boots)
Stlth   +.........              (no amulet)
HPRegen 0.15/turn               (no ring)
MPRegen 0.13/turn               (no ring)

@: confused, lethally poisoned (-2 -> -6), attractive, hasted, glowing, very
quick
A: sense surroundings 1, otherworldly, glowing, explore regen
a: no special abilities


You were on level 4 of the Dungeon.
You visited 1 branch of the dungeon, and saw 4 of its levels.

You collected 31 gold pieces.

Inventory:

Armour
 a - a +0 robe (worn)
Magical Staves
 b - a staff of fire
Scrolls
 d - a scroll of magic mapping {unknown}
 e - a scroll of enchant armour {unknown}
 i - a scroll of noise {unknown}
 j - a scroll of fog {unknown}
 k - a scroll of teleportation {unknown}


   Skills:
 - Level 0.6 Fighting
 - Level 2.8 Dodging
 - Level 1.4 Stealth
 - Level 4.2 Spellcasting
 + Level 3.3 Conjurations
 - Level 5.6 Fire Magic


You had 6 spell levels left.
You knew the following spells:

 Your Spells              Type           Power      Damage    Failure   Level
a - Foxfire               Conj/Fire      88%        2x1d8     1%          1
b - Scorch                Fire           52%        2d8       1%          2
c - Flame Wave            Conj/Fire      22%        2d8       19%         4

Your spell library contained the following spells:

 Spells                   Type           Power      Damage    Failure   Level
 Conjure Flame            Conj/Fire      22%        6-21      6%          3
 Static Discharge         Conj/Air       10%        3-5/arc   10%         2
 Inner Flame              Hex/Fire       15%        N/A       12%         3
 Sticky Flame             Conj/Fire      22%        2d4       19%         4
 Fireball                 Conj/Fire      11%        3d7       47%         5
 Iskenderun's Battlesphe  Conj           17%        2d7       65%         5
 Dispel Undead            Necr           4%         3d7       77%         4
 Conjure Ball Lightning   Conj/Air       5%         3x3d6     100%        6
 Orb of Destruction       Conj           8%         9d6       100%        7


Dungeon Overview and Level Annotations

Branches:
Dungeon (4/15) Zot: 1791
 Temple: D:4-7

Altars:

Shops:
D:2 (


Innate Abilities, Weirdness & Mutations

You passively map a small area around you.
You are easily found by Zot.
You glow in the dark.
You regain HP and MP as you explore.


Message History

You kill the orc priest!
The orc hits you with a +1 dagger of venom.
Your Conjurations skill increases to level 3!
Unknown command.
Casting: Scorch (safe; 1% risk of failure)
Confirm with . or Enter, or press ? or * to list all spells.
The spell is quite dangerous to miscast (21% risk of failure)!
Continue anyway?
Casting: Flame Wave (quite dangerous; 21% risk of failure)
Press: ? - help, Dir - look around, f - activate A wave of flame ripples out!
The flame wave engulfs the orc!
You kill the orc!
The flame wave engulfs the orc but does no damage. (Press . to intensify the flame waves.)
The orc wizard gestures at you while chanting.
The puff of flame hits you!
The orc hits you with a +1 dagger of venom.
You are poisoned.
A wave of flame ripples out!
The flame wave engulfs the orc!
You kill the orc!
The flame wave engulfs the orc wizard!
The orc wizard is severely wounded.
* * * LOW HITPOINT WARNING * * *
You feel very sick.
Unknown command.
It was a potion of haste.
You feel yourself speed up.
You feel sick. The orc wizard casts a spell at you.
You easily resist.
It was a potion of attraction.
You feel attractive to monsters.
You feel sick.
You feel sick. The goblin hits you with a +0 dagger.
* * * LOW HITPOINT WARNING * * *
The orc wizard points at you and mumbles some strange words.
You are confused.
Things that are here:
a +1 dagger of venom; a +0 leather armour You feel sick.
The orc wizard points at you and mumbles some strange words.
The magic dart hits you!
You die...

, , , , #. * * * *, ,,
,... .... * ##..... *
#####.....# ,
####...@.....#
##.....)......#
##......og.....#
###...........!.... , ,
##.................., #
###.................##
,
###................/..#
,
......................#
,
#####................##
, *


You could see an orc wizard and a goblin.

Vanquished Creatures
  An orc priest (D:4)
  A gnoll bouda (D:4)
  9 gnolls
  3 adders
  A dart slug (D:2)
  2 orcs (D:4)
  3 endoplasms (D:2)
  A giant cockroach (D:2)
  A goblin (D:2)
  3 hobgoblins
  4 jackals (D:3)
  A quokka (D:4)
  4 ball pythons
  A bat (D:3)
  A frilled lizard (D:3)
  A kobold (D:2)
  2 rats
39 creatures vanquished.

Vanquished Creatures (others)
  89 foxfires
89 creatures vanquished.

Grand Total: 128 creatures vanquished

Notes
Turn   | Place    | Note
-------+----------+-------------------------------------------
     0 | D:1      | hawla the Meteoran Fire Elementalist began the quest for
                  | the Orb.
     0 | D:1      | Reached XP level 1. HP: 14/14 MP: 5/5
    27 | D:2      | Reached XP level 2. HP: 18/20 MP: 1/6
    41 | D:2      | Reached skill level 4 in Fire Magic
   142 | D:2      | Found Lihar's Antique Weapon Boutique.
   176 | D:3      | Learned a level 2 spell: Scorch
   207 | D:3      | Reached XP level 3. HP: 26/26 MP: 4/8
   215 | D:3      | Reached XP level 4. HP: 33/33 MP: 0/10
   248 | D:2      | Reached skill level 5 in Fire Magic
   364 | D:4      | Reached XP level 5. HP: 39/39 MP: 6/11
   391 | D:4      | Reached XP level 6. HP: 14/46 MP: 4/13
   396 | D:4      | Learned a level 4 spell: Flame Wave
   610 | D:4      | Killed from afar by an orc wizard

Illustrated notes

Levels and vault maps discovered:
D:1:      lemuel_arrival_river_ford, layout_rooms, serial_shops,
          nicolae_shop_overgrown_old_shop, hellmonk_ecumenical_altar_lost_god,
          lexackson_kobold_supper
D:2:      layout_rooms, serial_shops, nicolae_shop_hallway_stairs,
          minmay_misc_feat_room, interstate_on_off, uniq_sigmund
D:3:      layout_loops_ring, ashenzari_altar_1, zin_statuary,
          gammafunk_ghost_icy, kennysheep_generic_room_3
D:4:      layout_cave_pods, minmay_temple_entry_waves, serial_shops, shop,
          grunt_decor_mini_mirrors, minmay_shop_grid_forest

Skill      XL: |  1  2  3  4  5  6 |
---------------+-------------------+-----
Fire Magic     | 4 5 |  5.6
Spellcasting   | 3 4 |  4.2
Conjurations   | 2 3 |  3.3
Fighting       | |  0.6
Dodging        | |  2.8
Stealth        | |  1.4

Action                   |  1- 3 |  4- 6 || total
-------------------------+-------+-------++-------
Melee: Unarmed           |     5 |     6 ||    11
 Cast: Foxfire           |    23 |    30 ||    53
       Scorch            |     3 |    15 ||    18
       Flame Wave        |       |     1 ||     1
  Use: Potion            |       |     4 ||     4
       Scroll            |       |     1 ||     1
Armor: Robe              |     2 |     1 ||     3
Dodge: Dodged            |     9 |    18 ||    27
